 Dungeon Crawl Stone Soup version 0.30.0-19-g36f170ea60 (webtiles) character file.

Game seed: 15217989604148341682

3054 Amplified the Digger (level 9, 0/76 (78) HPs)
             Began as a Demonspawn Earth Elementalist on May 28, 2023.
             Was a Follower of Sif Muna.
             Slain by an unseen horror zombie (5 damage)
             ... on level 8 of the Dungeon.
             The game lasted 00:20:30 (7428 turns).

Amplified the Digger (DsEE)                         Turns: 7428, Time: 00:20:31

HP:   0/76 (78)     AC: 10    Str:  6 (7)  XL:     9   Next: 57%
MP:   9/18          EV: 12    Int: 24 (25) God:    Sif Muna [*.....]
Gold: 191           SH:  0    Dex: 12 (13) Spells: 7/20 levels left

rFire   . . .        c - +1 short sword (venom)
rCold   . . .        (no shield)
rNeg    . . .        a - +0 robe
rPois   .            m - +1 hat
rElec   .            x - +2 cloak
rCorr   .            i - +0 pair of gloves
SInv    .            (no boots)
Will    .....        q - amulet of the acrobat
Stlth   ++           (no ring)
HPRegen 0.32/turn    (no ring)
MPRegen 0.16/turn

%: acrobat
@: brilliant, hasted, lightly drained, very quick
A: thin metallic scales 2, foul stench 1, powered by pain 1, weakness stinger 1,
clever 1, robust 1, subdued magic 1
a: Renounce Religion, Channel Magic


You were on level 8 of the Dungeon.
You worshipped Sif Muna.
Sif Muna was aware of your devotion.
You visited 2 branches of the dungeon, and saw 10 of its levels.
You also visited: Sewer.

You collected 251 gold pieces.
You spent 60 gold pieces at shops.

Inventory:

Hand Weapons
 c - a +1 short sword of venom (weapon)
Missiles
 d - 101 stones (quivered)
Armour
 a - a +0 robe (worn)
 i - a +0 pair of gloves (worn)
 k - a +0 tower shield
 m - a +1 hat (worn)
 x - a +2 cloak (worn)
Jewellery
 n - a ring of ice
 q - an amulet of the acrobat (around neck)
 y - an amulet of faith
Scrolls
 f - 2 scrolls of vulnerability
 z - a scroll of identify
 A - 2 scrolls of immolation


   Skills:
 * Level 6.5 Fighting
 - Level 1.7 Dodging
 - Level 1.7 Stealth
 * Level 6.4 Spellcasting
 * Level 6.1 Transmutations
 * Level 6.7 Earth Magic


You had 7 spell levels left.
You knew the following spells:

 Your Spells              Type           Power      Damage    Failure   Level
a - Sandblast             Erth           92%        2d19      1%          1
b - Passwall              Tmut/Erth      36%        N/A       1%          2
c - Stone Arrow           Conj/Erth      54%        3d10      4%          3
d - Petrify               Tmut/Erth      44%        N/A       4%          4
e - Summon Guardian Gole  Hex/Summ       8%         N/A       19%         3

Your spell library contained the following spells:

 Spells                   Type           Power      Damage    Failure   Level
 Sting                    Tmut/Pois      100%       1d8       1%          1
 Animate Armour           Summ/Erth      54%        N/A       16%         4
 Gell's Gravitas          Tloc           8%         N/A       19%         3
 Teleport Other           Tloc           8%         N/A       19%         3
 Olgreb's Toxic Radiance  Pois           8%         N/A       54%         4
 Iron Shot                Conj/Erth      13%        9d3       95%         6
 Dispersal                Tloc           4%         N/A       100%        6
 Orb of Destruction       Conj           4%         9d5       100%        7
 Spellforged Servitor     Conj/Summ      4%         N/A       100%        7


Dungeon Overview and Level Annotations

Branches:
Dungeon (9/15)             Temple (1/1) D:6           Sewer (visited)
   Lair: D:8-11         Orc: D:9-12

Altars:
Ashenzari
Cheibriados
Dithmenos
Gozag
Hepliaklqana
Kikubaaqudgha
Makhleb
Nemelex Xobeh
Okawaru
Qazlal
Ru
Sif Muna
Trog
Uskayaw
Wu Jian
Xom
Yredelemnul

Shops:
D:2 !   D:7 :


Innate Abilities, Weirdness & Mutations

You are mostly covered in thin metallic scales. (AC +3)
You may rarely emit foul miasma when damaged in melee.
You sometimes gain a little power by taking damage.
You have a small tail.
Your mind is acute. (Int +4, Str/Dex -1)
You are robust. (+10% HP)
Your spells are a little easier to cast, but a little less powerful.


Message History

* * * LOW HITPOINT WARNING * * *
The unseen horror zombie barely misses you.
The hornet zombie closely misses you.
Unknown command.
You aren't carrying any potions.
Unknown command.
Okay, then.
You aren't carrying any items that you can evoke.
Unknown command.
Casting: Petrify (dangerous; 4% risk of failure)
Confirm with . or Enter, or press ? or * to list all spells.
You feel a surge of power!
A guardian golem appears, shielding your allies.
The unseen horror zombie closely misses you.
The unseen horror zombie barely misses you.
The orc misses you.
Unknown command.
Unknown command.
Unknown command.
Unknown command.
You strike the helpless hornet zombie from behind!
You hit the hornet zombie.
The hornet zombie is severely damaged.
The unseen horror zombie hits you but does no damage.
The hornet zombie barely misses you.
The unseen horror zombie hits you but does no damage.
The orc hits you but does no damage.
Unknown command.
You hit the unseen horror zombie but do no damage.
The unseen horror zombie is lightly damaged.
The unseen horror zombie hits you but does no damage.
The hornet zombie hits you.
* * * LOW HITPOINT WARNING * * *
The unseen horror zombie hits you but does no damage.
Unknown command.
You hit the hornet zombie.
The hornet zombie is severely damaged.
The hornet zombie stops moving altogether!
The unseen horror zombie hits you.
You die...

.####...#### ..
o..##...# ...
o...#.#.#
....o.......#######
.......##.#.......#
...... #..........#
#.... #.....oo8..#
..... #....§88Z8##
..... #####☼)9Z@#
..... #§§§### .....
##### .#### .# ...#
##.# .. #


You could see an orc warrior, an orc, a hornet zombie (petrified, ally target),
an unseen horror zombie (petrifying) and a friendly guardian golem (summoned).

Vanquished Creatures
  2 unseen horror zombies (D:8)
  A steam dragon (D:8)
  2 water moccasins
  An orc warrior (D:6)
  A sky beast (D:6)
  A black bear (D:5)
  A centaur (D:6)
  A phantom (D:6)
  3 kobold brigands
  3 scorpions (D:5)
  A wyvern zombie (D:8)
  4 wights
  3 killer bees (D:8)
  5 hounds
  3 orc priests
  A jelly (D:5)
  2 gnoll boudas
  2 sleepcaps
  3 iguanas (D:5)
  3 orc wizards
  A howler monkey zombie (D:8)
  10 gnolls
  7 adders
  A white imp (D:5)
  2 ufetubi
  7 worms
  8 dart slugs
  23 orcs
  7 ball pythons
  7 bats
  7 endoplasms
  4 giant cockroaches
  10 goblins
  11 hobgoblins
  A quokka (D:3)
  A frilled lizard (D:1)
  24 kobolds
  7 rats
181 creatures vanquished.

Vanquished Creatures (others)
  A centaur zombie (D:8)
  An orc wizard (D:8)
  3 gnolls
  An orc (D:8)
6 creatures vanquished.

Grand Total: 187 creatures vanquished

Notes
Turn   | Place    | Note
-------+----------+-------------------------------------------
     0 | D:1      | Amplified the Demonspawn Earth Elementalist began the quest
                  | for the Orb.
     0 | D:1      | Reached XP level 1. HP: 13/13 MP: 3/3
    52 | D:1      | Reached skill level 1 in Transmutations
   178 | D:1      | Gained mutation: You have a small tail. [demonic ancestry]
   178 | D:1      | Reached XP level 2. HP: 20/20 MP: 5/5
   424 | D:1      | Reached skill level 1 in Fighting
   512 | D:1      | Reached XP level 3. HP: 22/26 MP: 6/6
   564 | D:1      | Found a faded altar of an unknown god.
   928 | D:2      | Learned a level 2 spell: Passwall
  1163 | D:2      | Found Weokauq's Distillery.
  1170 | D:2      | Bought a potion of heal wounds for 60 gold pieces
  1449 | D:2      | Learned a level 3 spell: Stone Arrow
  1809 | D:3      | Found a snail-covered altar of Cheibriados.
  1811 | D:3      | Found a sparkling altar of Nemelex Xobeh.
  1812 | D:3      | Found an iron altar of Okawaru.
  1880 | D:3      | Noticed an ice beast
  2034 | D:3      | Gained mutation: You are partially covered in thin metallic
                  | scales. (AC +2) [demonic ancestry]
  2034 | D:3      | Reached XP level 4. HP: 31/32 MP: 7/7
  2082 | D:3      | Found a broken altar of Ashenzari.
  2202 | D:3      | Noticed a shadow
  2203 | D:3      | Found a shadowy altar of Dithmenos.
  2204 | D:3      | Found a hazy altar of Hepliaklqana.
  2357 | D:3      | Found a basalt altar of Yredelemnul.
  2505 | D:3      | Found a burning altar of Makhleb.
  2854 | D:4      | Reached XP level 5. HP: 38/38 MP: 9/9
  3069 | D:4      | Found a stormy altar of Qazlal.
  3278 | D:5      | Entered Level 5 of the Dungeon
  3341 | D:5      | Found a glowing drain.
  3363 | Sewer    | Entered a sewer
  3512 | Sewer    | Gained mutation: You sometimes gain a little power by
                  | taking damage. [demonic ancestry]
  3512 | Sewer    | Reached XP level 6. HP: 46/46 MP: 5/11
  3758 | D:5      | Found a sacrificial altar of Ru.
  3874 | D:5      | Gained mutation: You may rarely emit foul miasma when
                  | damaged in melee. [demonic ancestry]
  3874 | D:5      | Reached XP level 7. HP: 35/52 MP: 12/12
  4653 | D:7      | Found Uvinleihuwn's Tremendous Tomes.
  4674 | D:7      | Noticed a wyvern
  4711 | D:8      | Learned a level 4 spell: Petrify
  4861 | D:8      | Got the Vademecum on the Gargoyle and the Coward
  4892 | D:6      | Reached skill level 5 in Earth Magic
  5094 | D:6      | Reached XP level 8. HP: 60/60 MP: 9/14
  5404 | D:5      | Learned a level 3 spell: Summon Guardian Golem
  5455 | D:5      | Reached skill level 5 in Spellcasting
  5886 | D:5      | Reached skill level 5 in Fighting
  6136 | D:6      | Reached skill level 5 in Transmutations
  6239 | D:6      | Found a staircase to the Ecumenical Temple.
  6263 | Temple   | Entered the Ecumenical Temple
  6461 | Temple   | Became a worshipper of Sif Muna the Loreminder
  7133 | D:8      | Noticed a hornet
  7137 | D:8      | Gained mutation: You are mostly covered in thin metallic
                  | scales. (AC +3) [demonic ancestry]
  7137 | D:8      | Reached XP level 9. HP: 35/67 MP: 8/17
  7145 | D:8      | Noticed a lindwurm
  7156 | D:8      | Noticed a lindwurm
  7157 | D:8      | Noticed a lindwurm
  7210 | D:8      | Noticed a lindwurm
  7359 | D:8      | Gained mutation: Your spells are a little easier to cast,
                  | but a little less powerful. [potion of mutation]
  7359 | D:8      | Gained mutation: You are robust. (+10% HP) [potion of
                  | mutation]
  7359 | D:8      | Gained mutation: Your mind is acute. (Int +4, Str/Dex -1)
                  | [potion of mutation]
  7359 | D:8      | Reached * piety under Sif Muna
  7428 | D:8      | Slain by an unseen horror zombie

Illustrated notes

Levels and vault maps discovered:
D:1:      minmay_arrival_jagged, layout_loops_ring,
          shapermc_ecumenical_altar_pompeii
D:2:      layout_basic, serial_curves, eino_curves_02, eino_curves_02,
          eino_curves_01, eino_curves_02, serial_shops,
          nicolae_shop_industrial_runoff
D:3:      layout_loops_corners, overflow_temple_1_default,
          grunt_temple_overflow_open, mainiacjoe_overflow_paths,
          nicolae_ashenzari_skybound, riverfiend_overflow_shadow_ancestor
D:4:      kennysheep_slugbush, layout_cave_pools,
          mainiacjoe_overflow_concentric_impassable, mrwooster_statue_mirror,
          grunt_decor_one_mirror
D:5:      layout_cave_pools, nicolae_ru_the_path_less_chosen,
          cheibrodos_sewer_entry_bend
D:6:      lemuel_ice_spiral_2, layout_basic, zin_treasury,
          minmay_temple_entry_statues_pillars
D:7:      layout_cave_pools, nicolae_shop_i_like_big_books,
          guppyfry_early_elven_hall
D:8:      kennysheep_housing_project, layout_rooms, tso_oasis_becter,
          serial_undead, serial_undead_e, serial_undead_c, serial_undead_b,
          serial_undead_e, serial_undead_a, serial_undead_d, serial_undead_f,
          serial_undead_b, minmay_lindwurm_lava
D:9:      layout_cave_pools, mainiacjoe_overflow_alcove_2, minmay_crystal_water
Temple:   nicolae_temple_bog_church

Skill      XL: |  1  2  3  4  5  6  7  8  9 |
---------------+----------------------------+-----
Transmutations | 1 2 3 4 5 6 |  6.1
Earth Magic    | 3 4 5 6 |  6.7
Fighting       | 1 2 3 4 5 6 |  6.5
Spellcasting   | 3 4 5 6 |  6.4
Dodging        | |  1.7
Stealth        | |  1.7

Action                     |  1- 3 |  4- 6 |  7- 9 || total
---------------------------+-------+-------+-------++-------
  Melee: Short sword       |   124 |   207 |   323 ||   654
         Tailslap          |    19 |    30 |    59 ||   108
         Punch             |       |     5 |     5 ||    10
  Throw: Throwing net      |       |       |     2 ||     2
   Cast: Sandblast         |       |     4 |    26 ||    30
         Stone Arrow       |       |     2 |    41 ||    43
         Petrify           |       |       |    17 ||    17
         Summon Guardian G |       |       |     6 ||     6
 Invoke: Channel Magic     |       |       |     1 ||     1
    Use: Scroll            |     5 |     5 |    12 ||    22
         Potion            |       |     2 |    29 ||    31
   Stab: Sleeping          |     9 |     4 |     1 ||    14
         Distracted        |     1 |       |       ||     1
         Petrified         |       |       |    33 ||    33
         Petrifying        |       |       |     5 ||     5
         Held in net/web   |       |       |     2 ||     2
 Armour: Robe              |    25 |    48 |   165 ||   238
         Skin              |       |       |    50 ||    50
  Dodge: Dodged            |    69 |   136 |   372 ||   577
